Map: 粉红之都 - 天梯版

Players

CKinVeRse - Winner!

  • Race: Zerg Zerg
  • League: Diamond
  • Spawn Location: 7:00

ShadyStark

  • Race: Terran Terran
  • League: Diamond
  • Spawn Location: 1:00

VOD

Have the link to the VOD?

Description

Time

  • Played on: April 7, 2018, 1:35 a.m.
  • Length: 4:53
Show
View Real Time Build Order
Export as new Build Order

CKinVeRse Zerg - Winner!

Build Orders: Hatch First 

Get SALT Encoding   

  12  0:01  Drone  
  13  0:13  Overlord  
  13  0:17  Drone  
  14  0:31  Drone  
  14  0:32  Drone  
  16  0:39  Drone  
  17  0:53  Drone, Hatchery  
  17  0:58  Drone  
  18  1:07  Extractor  
  17  1:12  Spawning Pool  
  17  1:14  Drone  
  17  1:18  Drone  
  18  1:29  Drone  
  19  1:41  Overlord  
  19  1:52  Drone  
  20  2:01  Queen  
  20  2:03  Zergling x2  
  20  2:05  Queen  
  20  2:07  Drone  
  20  2:08  Metabolic Boost  
  26  2:15  Extractor, Roach Warren  
  24  2:18  Zergling x2  
  25  2:25  Drone x2  
  27  2:34  Drone  
  28  2:39  Overlord  
  28  2:46  Overlord  
  28  3:03  Roach x2  
  28  3:05  Roach x2  
  36  3:12  Roach  
  38  3:15  Roach x2  
  42  3:20  Roach  
  44  3:33  Roach  
  44  3:34  Roach  
  46  3:51  Overlord  
  46  3:53  Zergling x10  
  51  4:03  Zergling x2  
  52  4:14  Zergling x2  
  52  4:15  Zergling x10  
  59  4:17  Ravager x2  
Show
View Real Time Build Order
Export as new Build Order

ShadyStark Terran 

Build Orders: Reaper Expand 

Get SALT Encoding   

  12  0:00  SCV  
  13  0:13  SCV  
  14  0:17  Supply Depot  
  14  0:25  SCV  
  15  0:30  Refinery  
  15  0:42  Barracks  
  15  0:44  SCV  
  16  0:57  SCV  
  17  1:09  SCV  
  18  1:21  SCV  
  19  1:29  Reaper  
  20  1:36  Command Center  
  20  1:43  Orbital Command  
  20  1:51  Supply Depot  
  20  2:00  Refinery  
  20  2:02  Barracks Reactor  
  20  2:10  Factory  
  20  2:13  SCV  
  21  2:18  Barracks Reactor  
  21  2:26  SCV  
  22  2:38  SCV  
  24  2:57  Orbital Command  
  23  2:59  Marine x2  
  23  3:01  Starport  
  24  3:08  SCV  
  24  3:11  Hellion  
  27  3:18  Supply Depot  
  27  3:20  SCV  
  30  3:28  SCV  
  30  3:32  SCV  
  28  3:47  Starport Tech Lab  
  28  3:56  Barracks Reactor  
  28  3:59  Cyclone x2  
  33  4:10  Banshee  
  34  4:17  SCV  
Tags
 
Add a new tag
Caveats
  • Supply blocks, unpowered buildings, or Contaminate may cause inaccurate times.
  • Supply counts are checked every 10 seconds.